[Event "GambitGuide"]
[Site "Internet Chess Club"]
[Date "2014.10.31"]
[Round "1"]
[White "JSBach"]
[Black "fearlessone"]
[Result "1-0"]
[ICCResult "Black resigns"]
[WhiteElo "1652"]
[BlackElo "1812"]
[Opening "Vienna: `Frankenstein-Dracula' variation"]
[ECO "C27"]
[NIC "VG.02"]
[Time "10:22:13"]
[TimeControl "120+12"]

1. e4 e5 2. Nc3 Nf6 3. Bc4 Nxe4 4. Qh5 Nd6 5. Bb3 Nc6 6. Nb5 g6 7. Qf3 f5 8.
Qd5 Qe7 9. Nxc7+ Kd8 10. Nxa8 b6 11. d3 Bb7 12. Nxb6 axb6 13. Qf3 e4 14.
dxe4 Nxe4 15. Be3 Bg7 16. Bxb6+ Kc8 17. Qe3 Qf6 18. Qf4 d6 19. c3 Re8 20.
Ne2 Ba6 21. Qe3 f4 22. Nxf4 Bh6 23. Qh3+ Kb7 24. Qd7+ Kxb6 25. Nd5+ Kc5 26.
Nxf6 Nxf6+ 27. Qxe8 Nxe8 28. Bf7 Nf6 29. b4+ Kb6 30. a4 Ne5 31. a5+ Kc7 32.
Be6 Nd3+ 33. Kf1 Nc5+ 34. b5 Bxb5+ 35. c4 Ba6 36. Bf7 Nfe4 37. Ke2 Nc3+ 38.
Kf3 Bb7+ 39. Kg4 Bxg2 40. Rhe1 Bg7 41. Bxg6 hxg6 42. Re7+ Kc6 43. Rxg7 Be4
44. a6 Kb6 45. a7 N3a4 46. f3 Bb7 47. Rxg6 Kxa7 48. Rxd6 Kb8 49. h4 Kc7 50.
Rad1 Bc6 51. h5 Nc3 52. R1d2 Nb7 53. R6d3 Na4 54. h6 Nac5 55. h7 Nxd3 56.
h8=Q Ndc5 57. Qe5+ Kb6 58. Qb2+ Kc7 59. Qe5+ Kb6 60. f4 Ne4 61. Rb2+ Ka7 62.
Qc7 Bd7+ 63. f5 Nc5 64. Rxb7+ Nxb7 65. Qxd7 {Black resigns} 1-0

[Event "GambitGuide"]
[Site "Internet Chess Club"]
[Date "2014.10.31"]
[Round "1"]
[White "JSBach"]
[Black "Heian"]
[Result "1-0"]
[ICCResult "Black resigns"]
[WhiteElo "1652"]
[BlackElo "1562"]
[Opening "Vienna: `Frankenstein-Dracula' variation"]
[ECO "C27"]
[NIC "VG.02"]
[Time "10:31:33"]
[TimeControl "120+12"]

1. e4 e5 2. Nc3 Nf6 3. Bc4 Nxe4 4. Qh5 Nd6 5. Bb3 Nc6 6. Nb5 g6 7. Qf3 f5 8.
Qd5 Qe7 9. Nxc7+ Kd8 10. Nxa8 b6 11. d3 Bb7 12. Nxb6 axb6 13. Qf3 Kc7 14.
Be3 Nd4 15. Qh3 Bg7 16. Rc1 Ra8 17. Kf1 Kd8 18. Qxh7 Qf6 19. c3 Nxb3 20.
Bxb6+ Ke7 21. axb3 e4 22. Bd4 {Black resigns} 1-0

[Event "GambitGuide"]
[Site "Internet Chess Club"]
[Date "2014.10.31"]
[Round "1"]
[White "JSBach"]
[Black "leader1774"]
[Result "1-0"]
[ICCResult "Black resigns"]
[WhiteElo "1670"]
[BlackElo "1569"]
[Opening "Vienna: `Frankenstein-Dracula' variation"]
[ECO "C27"]
[NIC "VG.02"]
[Time "10:31:31"]
[TimeControl "120+12"]

1. e4 e5 2. Nc3 Nf6 3. Bc4 Nxe4 4. Qh5 Nd6 5. Bb3 Nc6 6. Nb5 g6 7. Qf3 f5 8.
Qd5 Qe7 9. Nxc7+ Kd8 10. Nxa8 b6 11. d3 Bb7 12. Nxb6 axb6 13. Qf3 Nd4 14.
Qh3 Bg7 15. Be3 f4 16. Bxd4 exd4+ 17. Kf1 Re8 18. Qxh7 Nf5 19. Qxg6 Ne3+ 20.
fxe3 fxe3 21. Qxb6+ Kc8 22. Nf3 e2+ 23. Ke1 Qe3 24. Qc5+ Kd8 25. Bd5
{Black resigns}
1-0

[Event "GambitGuide"]
[Site "Internet Chess Club"]
[Date "2014.10.31"]
[Round "1"]
[White "JSBach"]
[Black "ChuahHM"]
[Result "1-0"]
[ICCResult "Black resigns"]
[WhiteElo "1670"]
[BlackElo "1607"]
[Opening "Vienna: `Frankenstein-Dracula' variation"]
[ECO "C27"]
[NIC "VG.02"]
[Time "10:31:35"]
[TimeControl "120+12"]

1. e4 e5 2. Nc3 Nf6 3. Bc4 Nxe4 4. Qh5 Nd6 5. Bb3 Nc6 6. Nb5 g6 7. Qf3 f5 8.
Qd5 Qe7 9. Nxc7+ Kd8 10. Nxa8 b6 11. d3 Bb7 12. Nxb6 axb6 13. Qf3 e4 14.
dxe4 Qxe4+ 15. Be3 Kc7 16. Rd1 Bg7 17. Qxe4 Nxe4 18. f3 Nc5 19. Bxc5 bxc5
20. c3 d6 21. Kf2 Re8 22. a4 Ba6 23. Bf7 Re7 24. Bd5 Ne5 25. Kg3 h5 26. b4
Bf6 27. b5 Bc8 28. f4 Nd7 29. c4 g5 30. fxg5 Bxg5 31. Nf3 f4+ 32. Kf2 Bf6
33. Rhe1 Ne5 34. Re4 Ng4+ 35. Kg1 Rxe4 36. Bxe4 Be6 37. b6+ Kb8 38. h3 Ne3
39. Rxd6 Bxc4 40. Rxf6 {Black resigns} 1-0

[Event "GambitGuide"]
[Site "Internet Chess Club"]
[Date "2014.10.31"]
[Round "1"]
[White "JSBach"]
[Black "chessdao64"]
[Result "0-1"]
[ICCResult "White checkmated"]
[WhiteElo "1670"]
[BlackElo "2019"]
[Opening "Vienna: `Frankenstein-Dracula' variation"]
[ECO "C27"]
[NIC "VG.02"]
[Time "10:28:04"]
[TimeControl "120+12"]

1. e4 e5 2. Nc3 Nf6 3. Bc4 Nxe4 4. Qh5 Nd6 5. Bb3 Nc6 6. Nb5 g6 7. Qf3 f5 8.
Qd5 Qe7 9. Nxc7+ Kd8 10. Nxa8 b6 11. d3 Bb7 12. Nxb6 axb6 13. Qf3 e4 14.
dxe4 Bg7 15. Be3 Bxb2 16. Rd1 Nxe4 17. Bxb6+ Kc8 18. Kf1 Ba6+ 19. c4 Qb4 20.
Qe2 Qxb6 21. f3 Nc3 22. Qxb2 Nxd1 23. Qxh8+ Kb7 24. Bxd1 Bxc4+ 25. Ke1 Qb4+
26. Kf2 Qc5+ 27. Kg3 f4+ 28. Kxf4 Nb4 29. Bb3 Nd3+ 30. Kg4 Qf5+ 31. Kh4 g5+
32. Kg3 Qf4+ 33. Kh3 Qh4# {White checkmated} 0-1

[Event "GambitGuide"]
[Site "Internet Chess Club"]
[Date "2014.10.31"]
[Round "1"]
[White "JSBach"]
[Black "fearlessone"]
[Result "1-0"]
[ICCResult "Black resigns"]
[WhiteElo "1670"]
[BlackElo "1812"]
[Opening "Vienna: `Frankenstein-Dracula' variation"]
[ECO "C27"]
[NIC "VG.02"]
[Time "10:31:46"]
[TimeControl "120+12"]

1. e4 e5 2. Nc3 Nf6 3. Bc4 Nxe4 4. Qh5 Nd6 5. Bb3 Nc6 6. Nb5 g6 7. Qf3 f5 8.
Qd5 Qe7 9. Nxc7+ Kd8 10. Nxa8 b6 11. d3 Bb7 12. Nxb6 axb6 13. Qf3 e4 14. Qe3
Bg7 15. Qxb6+ Kc8 16. dxe4 Qxe4+ 17. Ne2 Qxg2 18. Rg1 Qxh2 19. Bf4 Qxf4 20.
Nxf4 Re8+ 21. Kf1 Bxb2 22. Rd1 Ne4 23. Kg2 Be5 24. Nd3 Bc7 25. Qe3 d5 26.
Bxd5 {Black resigns} 1-0

[Event "GambitGuide"]
[Site "Internet Chess Club"]
[Date "2014.10.31"]
[Round "1"]
[White "JSBach"]
[Black "notNice"]
[Result "1-0"]
[ICCResult "Black resigns"]
[WhiteElo "1670"]
[BlackElo "1641"]
[Opening "Vienna: `Frankenstein-Dracula' variation"]
[ECO "C27"]
[NIC "VG.02"]
[Time "10:30:16"]
[TimeControl "120+12"]

1. e4 e5 2. Nc3 Nf6 3. Bc4 Nxe4 4. Qh5 Nd6 5. Bb3 Nc6 6. Nb5 g6 7. Qf3 f5 8.
Qd5 Qe7 9. Nxc7+ Kd8 10. Nxa8 b6 11. d3 Nd4 12. f4 exf4+ 13. Kd1 Bg7 14.
Bxf4 Re8 15. Kd2 N4b5 16. Rb1 Bb7 17. Nc7 Kxc7 18. Qxb5 Qe3+ 19. Bxe3 Nxb5
20. Nf3 h6 21. Bf7 Rf8 22. Bxg6 f4 23. Bf2 Rf6 24. Bh5 Rf8 25. Rhe1 Bxf3 26.
Bxf3 Nd4 27. Bd5 Nf5 28. c3 {Black resigns} 1-0

[Event "GambitGuide"]
[Site "Internet Chess Club"]
[Date "2014.10.31"]
[Round "1"]
[White "JSBach"]
[Black "Heian"]
[Result "1-0"]
[ICCResult "Black resigns"]
[WhiteElo "1656"]
[BlackElo "1562"]
[Opening "Vienna: `Frankenstein-Dracula' variation"]
[ECO "C27"]
[NIC "VG.02"]
[Time "10:32:22"]
[TimeControl "120+12"]

1. e4 e5 2. Nc3 Nf6 3. Bc4 Nxe4 4. Qh5 Nd6 5. Bb3 Nc6 6. Nb5 g6 7. Qf3 f5 8.
Qd5 Qe7 9. Nxc7+ Kd8 10. Nxa8 b6 11. d3 Bb7 12. Nxb6 axb6 13. Qf3 Kc7 14.
Be3 Nd4 15. Qh3 Bg7 16. c3 Nxb3 17. axb3 Bf6 18. Nf3 Re8 19. Ra7 Nb5 20. Ra4
e4 21. dxe4 Bxe4 22. O-O Bb7 23. Rc4+ Bc6 24. Re1 Kb7 25. Bd2 Qf7 26. Ra1
Re2 27. Kf1 Qe6 28. Qg3 Be7 29. Ra2 Bc5 30. Be3 Bxe3 31. fxe3 Nd6 32. Kxe2
{Black resigns}
1-0

[Event "GambitGuide"]
[Site "Internet Chess Club"]
[Date "2014.10.31"]
[Round "1"]
[White "JSBach"]
[Black "DOXDURAN"]
[Result "1-0"]
[ICCResult "Black resigns"]
[WhiteElo "1656"]
[BlackElo "1600"]
[Opening "Vienna: `Frankenstein-Dracula' variation"]
[ECO "C27"]
[NIC "VG.02"]
[Time "10:32:14"]
[TimeControl "120+12"]

1. e4 e5 2. Nc3 Nf6 3. Bc4 Nxe4 4. Qh5 Nd6 5. Bb3 Nc6 6. Nb5 g6 7. Qf3 f5 8.
Qd5 Qe7 9. Nxc7+ Kd8 10. Nxa8 b6 11. d3 Bb7 12. Nxb6 axb6 13. Qf3 Na5 14.
Qe3 Nxb3 15. Qxb6+ Ke8 16. Qxb3 Bxg2 17. Qb8+ Kf7 18. Bg5 Qe8 19. Qxe8+ Kxe8
20. Bf6 Rg8 21. b4 Bxh1 22. Bxe5 Nc8 23. b5 Bg7 24. Bxg7 Rxg7 25. Ne2 Bb7
26. a4 Kd8 27. a5 Kc7 28. b6+ Kc6 29. a6 Ba8 30. b7 Bxb7 31. axb7 Kxb7 32.
Kd2 Kc6 33. Nd4+ Kd5 34. Ra5+ Kd6 35. Rxf5 gxf5 36. Nxf5+ Ke6 37. Nxg7+ Kf6
38. Nh5+ Kg5 39. Ng3 Kg4 40. Ke3 Kh3 41. Nf1 Kg2 42. Ke2 d5 43. Ne3+ Kxh2
44. Nxd5 Kg2 45. c4 h5 46. Nf4+ Kh1 47. Nxh5 {Black resigns} 1-0

[Event "GambitGuide"]
[Site "Internet Chess Club"]
[Date "2014.10.31"]
[Round "1"]
[White "JSBach"]
[Black "Schalk"]
[Result "1-0"]
[ICCResult "Black checkmated"]
[WhiteElo "1656"]
[BlackElo "1639"]
[Opening "Vienna: `Frankenstein-Dracula' variation"]
[ECO "C27"]
[NIC "VG.02"]
[Time "10:34:19"]
[TimeControl "120+12"]

1. e4 e5 2. Nc3 Nf6 3. Bc4 Nxe4 4. Qh5 Nd6 5. Bb3 Nc6 6. Nb5 g6 7. Qf3 f5 8.
Qd5 Qe7 9. Nxc7+ Kd8 10. Nxa8 b6 11. d3 Nd4 12. f4 exf4+ 13. Kd1 Nxb3 14.
axb3 Bg7 15. Rxa7 Re8 16. Bd2 Bxb2 17. Nc7 Bb7 18. Rxb7 Nxb7 19. Qxb7 Rf8
20. Qb8# {Black checkmated} 1-0

[Event "GambitGuide"]
[Site "Internet Chess Club"]
[Date "2014.10.31"]
[Round "1"]
[White "JSBach"]
[Black "AtaliaA1"]
[Result "1-0"]
[ICCResult "Black resigns"]
[WhiteElo "1656"]
[BlackElo "1432"]
[Opening "Vienna: `Frankenstein-Dracula' variation"]
[ECO "C27"]
[NIC "VG.02"]
[Time "10:31:25"]
[TimeControl "120+12"]

1. e4 e5 2. Nc3 Nf6 3. Bc4 Nxe4 4. Qh5 Nd6 5. Bb3 Nc6 6. Nb5 g6 7. Qf3 f5 8.
Qd5 Qe7 9. Nxc7+ Kd8 10. Nxa8 b6 11. d3 Bb7 12. Nxb6 axb6 13. Qf3 Kc7 14.
Be3 Nd4 15. Qh3 Nxb3 16. axb3 f4 17. Bd2 Bg7 18. Nf3 h6 19. b4 g5 20. O-O
Re8 21. Rfe1 Qf7 22. Bc3 e4 23. dxe4 Bxc3 24. bxc3 Nxe4 25. Qxh6 Re6 26.
Nxg5 Rxh6 27. Nxf7 Rg6 28. Ra3 Nd2 29. g3 fxg3 30. hxg3 Nf3+ 31. Kf1 Nxe1
32. Kxe1 Re6+ 33. Kf1 Rf6 34. Ng5 Bc6 35. f4 Bb5+ 36. Kf2 Rd6 37. Ne4 Rd1
38. g4 Rc1 39. Ra2 Bc4 40. Rb2 Rh1 41. g5 Rf1+ 42. Kg3 Kd8 43. Nd2 Rg1+ 44.
Kh2 Rg4 45. Nxc4 Rxf4 46. Nxb6 Kc7 47. Nd5+ {Black resigns} 1-0

[Event "GambitGuide"]
[Site "Internet Chess Club"]
[Date "2014.10.31"]
[Round "1"]
[White "JSBach"]
[Black "DOXDURAN"]
[Result "1-0"]
[ICCResult "Black resigns"]
[WhiteElo "1656"]
[BlackElo "1600"]
[Opening "Vienna: `Frankenstein-Dracula' variation"]
[ECO "C27"]
[NIC "VG.02"]
[Time "10:35:02"]
[TimeControl "120+12"]

1. e4 e5 2. Nc3 Nf6 3. Bc4 Nxe4 4. Qh5 Nd6 5. Bb3 Nc6 6. Nb5 g6 7. Qf3 f5 8.
Qd5 Qe7 9. Nxc7+ Kd8 10. Nxa8 b6 11. d3 Bb7 12. Nxb6 axb6 13. Qf3 Nd4 14.
Qh3 h6 15. Qg3 Rg8 16. Bxg8 {Black resigns} 1-0

[Event "GambitGuide"]
[Site "Internet Chess Club"]
[Date "2014.10.31"]
[Round "1"]
[White "JSBach"]
[Black "Heian"]
[Result "1-0"]
[ICCResult "Black resigns"]
[WhiteElo "1656"]
[BlackElo "1562"]
[Opening "Vienna: `Frankenstein-Dracula' variation"]
[ECO "C27"]
[NIC "VG.02"]
[Time "10:34:34"]
[TimeControl "120+12"]

1. e4 e5 2. Nc3 Nf6 3. Bc4 Nxe4 4. Qh5 Nd6 5. Bb3 Nc6 6. Nb5 g6 7. Qf3 f5 8.
Qd5 Qe7 9. Nxc7+ Kd8 10. Nxa8 b6 11. d3 Bb7 12. Nxb6 axb6 13. Qf3 Nd4 14.
Qh3 e4 15. Be3 g5 16. Bxd4 exd3+ 17. Kf1 Ba6 18. Bxb6+ Kc8 19. cxd3 Bg7 20.
Re1 Qf6 21. Rc1+ {Black resigns} 1-0

[Event "GambitGuide"]
[Site "Internet Chess Club"]
[Date "2014.10.31"]
[Round "1"]
[White "JSBach"]
[Black "fearlessone"]
[Result "1-0"]
[ICCResult "Black resigns"]
[WhiteElo "1656"]
[BlackElo "1812"]
[Opening "Vienna: `Frankenstein-Dracula' variation"]
[ECO "C27"]
[NIC "VG.02"]
[Time "10:33:52"]
[TimeControl "120+12"]

1. e4 e5 2. Nc3 Nf6 3. Bc4 Nxe4 4. Qh5 Nd6 5. Bb3 Nc6 6. Nb5 g6 7. Qf3 f5 8.
Qd5 Qe7 9. Nxc7+ Kd8 10. Nxa8 b6 11. d3 Bb7 12. Nxb6 axb6 13. Qf3 e4 14.
dxe4 fxe4 15. Qe3 Bg7 16. Qxb6+ Kc8 17. c4 Bd4 18. c5 Nf5 19. Bf4 Be5 20.
Ne2 Bxf4 21. Nxf4 e3 22. O-O e2 23. Rfe1 Nfd4 24. Bc4 Qe4 25. Nxe2 Ne5 26.
c6 Bxc6 27. Ba6+ Bb7 28. Bxb7+ Qxb7 29. Qxd4 {Black resigns} 1-0

[Event "GambitGuide"]
[Site "Internet Chess Club"]
[Date "2014.10.31"]
[Round "1"]
[White "JSBach"]
[Black "leader1774"]
[Result "1-0"]
[ICCResult "Black resigns"]
[WhiteElo "1656"]
[BlackElo "1569"]
[Opening "Vienna: `Frankenstein-Dracula' variation"]
[ECO "C27"]
[NIC "VG.02"]
[Time "10:36:19"]
[TimeControl "120+12"]

1. e4 e5 2. Nc3 Nf6 3. Bc4 Nxe4 4. Qh5 Nd6 5. Bb3 Nc6 6. Nb5 g6 7. Qf3 f5 8.
Qd5 Qe7 9. Nxc7+ Kd8 10. Nxa8 b6 11. d3 Nd4 12. Nh3 Bb7 13. Bg5 Bxd5 14.
Bxe7+ Bxe7 15. Bxd5 Nxc2+ 16. Kd2 Nxa1 17. Rxa1 Nb5 18. Rc1 Bc5 19. f4
{Black resigns}
1-0

[Event "GambitGuide"]
[Site "Internet Chess Club"]
[Date "2014.10.31"]
[Round "1"]
[White "JSBach"]
[Black "leader1774"]
[Result "1-0"]
[ICCResult "Black checkmated"]
[WhiteElo "1656"]
[BlackElo "1569"]
[Opening "Vienna: `Frankenstein-Dracula' variation"]
[ECO "C27"]
[NIC "VG.02"]
[Time "10:37:47"]
[TimeControl "120+12"]

1. e4 e5 2. Nc3 Nf6 3. Bc4 Nxe4 4. Qh5 Nd6 5. Bb3 Nc6 6. Nb5 g6 7. Qf3 f5 8.
Qd5 Qe7 9. Nxc7+ Kd8 10. Nxa8 b6 11. d3 Nd4 12. f4 exf4+ 13. Kd1 Bg7 14.
Bxf4 Re8 15. Kd2 Ne2 16. Qxd6 Nxf4 17. Qc7# {Black checkmated} 1-0

[Event "GambitGuide"]
[Site "Internet Chess Club"]
[Date "2014.10.31"]
[Round "1"]
[White "JSBach"]
[Black "fearlessone"]
[Result "1-0"]
[ICCResult "Black resigns"]
[WhiteElo "1656"]
[BlackElo "1812"]
[Opening "Vienna: `Frankenstein-Dracula' variation"]
[ECO "C27"]
[NIC "VG.02"]
[Time "10:36:38"]
[TimeControl "120+12"]

1. e4 e5 2. Nc3 Nf6 3. Bc4 Nxe4 4. Qh5 Nd6 5. Bb3 Nc6 6. Nb5 g6 7. Qf3 f5 8.
Qd5 Qe7 9. Nxc7+ Kd8 10. Nxa8 b6 11. d3 Bb7 12. Nxb6 axb6 13. Qf3 e4 14. Qe3
Bg7 15. Qxb6+ Kc8 16. Ne2 exd3 17. cxd3 Re8 18. Be3 Bh6 19. Rc1 Bxe3 20.
Qxe3 Qf7 21. Bxf7 Rxe3 22. fxe3 Nxf7 23. b4 Ne5 24. Kd2 Ng4 25. b5
{Black resigns}
1-0

[Event "GambitGuide"]
[Site "Internet Chess Club"]
[Date "2014.10.31"]
[Round "1"]
[White "JSBach"]
[Black "pokerram"]
[Result "1-0"]
[ICCResult "Black resigns"]
[WhiteElo "1656"]
[BlackElo "1341"]
[Opening "Vienna: `Frankenstein-Dracula' variation"]
[ECO "C27"]
[NIC "VG.02"]
[Time "10:36:44"]
[TimeControl "120+12"]

1. e4 e5 2. Nc3 Nf6 3. Bc4 Nxe4 4. Qh5 Nd6 5. Bb3 Nc6 6. Nb5 g6 7. Qf3 f5 8.
Qd5 Qe7 9. Nxc7+ Kd8 10. Nxa8 b6 11. d3 Bb7 12. Nxb6 Nb4 13. Qa5 Nxd3+ 14.
cxd3 axb6 15. Qxb6+ Ke8 16. Nf3 e4 17. Bg5 exf3+ 18. Bxe7 Bxe7 19. g3
{Black resigns}
1-0

[Event "GambitGuide"]
[Site "Internet Chess Club"]
[Date "2014.10.31"]
[Round "1"]
[White "JSBach"]
[Black "DOXDURAN"]
[Result "1-0"]
[ICCResult "Black resigns"]
[WhiteElo "1656"]
[BlackElo "1600"]
[Opening "Vienna: `Frankenstein-Dracula' variation"]
[ECO "C27"]
[NIC "VG.02"]
[Time "10:36:14"]
[TimeControl "120+12"]

1. e4 e5 2. Nc3 Nf6 3. Bc4 Nxe4 4. Qh5 Nd6 5. Bb3 Nc6 6. Nb5 g6 7. Qf3 f5 8.
Qd5 Qe7 9. Nxc7+ Kd8 10. Nxa8 b6 11. d3 Bb7 12. Nxb6 axb6 13. Qf3 Nd4 14.
Qg3 Bg7 15. Bg5 Bf6 16. Bxf6 Qxf6 17. Ba4 e4 18. dxe4 Nxe4 19. Qb8+ Bc8 20.
c3 Qe6 21. O-O-O Qxa2 22. Qxb6+ Ke7 23. Qxd4 Rd8 24. f3 Nf6 25. Qb4+ Ke8 26.
Re1+ Kf7 27. Re7+ Kg8 28. Bb3+ Kh8 29. Bxa2 {Black resigns} 1-0

[Event "GambitGuide"]
[Site "Internet Chess Club"]
[Date "2014.10.31"]
[Round "1"]
[White "JSBach"]
[Black "GFranco"]
[Result "1-0"]
[ICCResult "Black resigns"]
[WhiteElo "1656"]
[BlackElo "1604"]
[Opening "Vienna: `Frankenstein-Dracula' variation"]
[ECO "C27"]
[NIC "VG.02"]
[Time "10:36:29"]
[TimeControl "120+12"]

1. e4 e5 2. Nc3 Nf6 3. Bc4 Nxe4 4. Qh5 Nd6 5. Bb3 Nc6 6. Nb5 g6 7. Qf3 f5 8.
Qd5 Qe7 9. Nxc7+ Kd8 10. Nxa8 b6 11. d3 Bb7 12. Nxb6 axb6 13. Qf3 Nd4 14.
Qh3 e4 15. Be3 exd3 16. O-O-O Nxb3+ 17. cxb3 Ba6 18. Bxb6+ Kc8 19. Bd4 Bg7
20. Bxg7 Qxg7 21. Nf3 Ne4 22. Kb1 Kb7 23. Nd2 d5 24. Qe3 Rc8 25. Rc1 Rc2 26.
Rxc2 dxc2+ 27. Kxc2 Qc7+ 28. Kb1 Qe5 29. Nf3 Qf6 30. Rc1 f4 31. Qe1 Qb6 32.
Qd1 Ka7 33. Qxd5 Bb7 34. Qd7 Qxf2 35. Qd4+ Qxd4 36. Nxd4 Nd2+ 37. Kc2 Ne4
38. Ne6 {Black resigns} 1-0

[Event "GambitGuide"]
[Site "Internet Chess Club"]
[Date "2014.10.31"]
[Round "1"]
[White "JSBach"]
[Black "ericsfriend"]
[Result "1-0"]
[ICCResult "Black checkmated"]
[WhiteElo "1656"]
[BlackElo "1153"]
[Opening "Vienna: `Frankenstein-Dracula' variation"]
[ECO "C27"]
[NIC "VG.02"]
[Time "10:39:30"]
[TimeControl "120+12"]

1. e4 e5 2. Nc3 Nf6 3. Bc4 Nxe4 4. Qh5 Nd6 5. Bb3 Nc6 6. Nb5 g6 7. Qf3 f5 8.
Qd5 Qe7 9. Nxc7+ Kd8 10. Nxa8 b6 11. d3 e4 12. dxe4 Nxe4 13. Be3 Ne5 14.
O-O-O Ng4 15. Re1 Qb4 16. c3 Nxc3 17. bxc3 Qxc3+ 18. Kd1 Ba6 19. Bg5+ Kc8
20. Re8# {Black checkmated} 1-0

[Event "GambitGuide"]
[Site "Internet Chess Club"]
[Date "2014.10.31"]
[Round "1"]
[White "JSBach"]
[Black "GFranco"]
[Result "1-0"]
[ICCResult "Black resigns"]
[WhiteElo "1656"]
[BlackElo "1604"]
[Opening "Vienna: `Frankenstein-Dracula' variation"]
[ECO "C27"]
[NIC "VG.02"]
[Time "10:40:25"]
[TimeControl "120+12"]

1. e4 e5 2. Nc3 Nf6 3. Bc4 Nxe4 4. Qh5 Nd6 5. Bb3 Nc6 6. Nb5 g6 7. Qf3 f5 8.
Qd5 Qe7 9. Nxc7+ Kd8 10. Nxa8 b6 11. d3 Nb4 12. Qf3 Bb7 13. Qe3 Bxa8 14. Qg5
Qxg5 15. Bxg5+ {Black resigns} 1-0

[Event "GambitGuide"]
[Site "Internet Chess Club"]
[Date "2014.10.31"]
[Round "1"]
[White "JSBach"]
[Black "pokerram"]
[Result "1-0"]
[ICCResult "Black checkmated"]
[WhiteElo "1656"]
[BlackElo "1341"]
[Opening "Vienna: `Frankenstein-Dracula' variation"]
[ECO "C27"]
[NIC "VG.02"]
[Time "10:39:11"]
[TimeControl "120+12"]

1. e4 e5 2. Nc3 Nf6 3. Bc4 Nxe4 4. Qh5 Nd6 5. Bb3 Nc6 6. Nb5 g6 7. Qf3 f5 8.
Qd5 Qe7 9. Nxc7+ Kd8 10. Nxa8 b6 11. d3 Bb7 12. Nxb6 axb6 13. Qf3 e4 14.
dxe4 Nxe4 15. Be3 Qb4+ 16. c3 Nxc3 17. Bg5+ Be7 18. bxc3 Qa5 19. Bf4 Re8 20.
Bf7 Ne5 21. Qxb7 Qxc3+ 22. Bd2 Qxa1+ 23. Ke2 Nxf7 24. Qb8# {Black
checkmated} 1-0

[Event "GambitGuide"]
[Site "Internet Chess Club"]
[Date "2014.10.31"]
[Round "1"]
[White "JSBach"]
[Black "Schalk"]
[Result "0-1"]
[ICCResult "White checkmated"]
[WhiteElo "1656"]
[BlackElo "1639"]
[Opening "Vienna: `Frankenstein-Dracula' variation"]
[ECO "C27"]
[NIC "VG.02"]
[Time "10:36:29"]
[TimeControl "120+12"]

1. e4 e5 2. Nc3 Nf6 3. Bc4 Nxe4 4. Qh5 Nd6 5. Bb3 Nc6 6. Nb5 g6 7. Qf3 f5 8.
Qd5 Qe7 9. Nxc7+ Kd8 10. Nxa8 b6 11. d3 Nd4 12. h4 h6 13. f4 Bb7 14. Qxe5
Qxe5+ 15. fxe5 Nf7 16. e6 dxe6 17. Be3 Nxb3 18. cxb3 Bxa8 19. Nf3 Bxf3 20.
gxf3 Bd6 21. O-O-O Ke7 22. Kb1 Rc8 23. Rhg1 Ne5 24. f4 Ng4 25. Rc1 Rxc1+ 26.
Bxc1 Kf7 27. d4 Nf2 28. Be3 Ne4 29. Rc1 Ke7 30. b4 a6 31. Rc6 Bxb4 32. Rxb6
a5 33. Rb7+ Kf6 34. Rh7 h5 35. Rc7 Bd2 36. Bxd2 Nxd2+ 37. Kc1 Nf3 38. Ra7
Nxh4 39. d5 exd5 40. Rxa5 Ng2 41. Ra6+ Kf7 42. Ra4 h4 43. Ra7+ Kf6 44. Ra6+
Kg7 45. Ra4 h3 46. Ra3 Nxf4 47. Ra7+ Kh6 48. Ra8 Kg5 49. Rh8 Kf6 50. b3 g5
51. a4 g4 52. Rf8+ Ke7 53. Rxf5 h2 54. Rxf4 h1=Q+ 55. Kd2 Qh2+ 56. Ke3 Qb2
57. Rxg4 Qxb3+ 58. Ke2 Qb2+ 59. Kd3 Qb1+ 60. Ke3 Kd6 61. Kd2 Kc5 62. Rf4 d4
63. Rf6 Kc4 64. Rc6+ Kd5 65. Ra6 Qb4+ 66. Kd1 d3 67. Ra8 Qb1+ 68. Kd2 Qc2+
69. Ke3 Qe2+ 70. Kf4 d2 71. Rd8+ Kc4 72. a5 d1=Q 73. Rxd1 Qxd1 74. a6 Qa4
75. Ke3 Qxa6 76. Ke4 Qd6 77. Ke3 Qd4+ 78. Kf3 Kd3 79. Kg3 Qe4 80. Kf2 Qe3+
81. Kf1 Qf3+ 82. Kg1 Qf4 83. Kg2 Ke3 84. Kh3 Qg5 85. Kh2 Kf3 86. Kh3 Qg3#
{White checkmated}
0-1

[Event "GambitGuide"]
[Site "Internet Chess Club"]
[Date "2014.10.31"]
[Round "1"]
[White "JSBach"]
[Black "DOXDURAN"]
[Result "1-0"]
[ICCResult "Black resigns"]
[WhiteElo "1656"]
[BlackElo "1600"]
[Opening "Vienna: `Frankenstein-Dracula' variation"]
[ECO "C27"]
[NIC "VG.02"]
[Time "10:39:30"]
[TimeControl "120+12"]

1. e4 e5 2. Nc3 Nf6 3. Bc4 Nxe4 4. Qh5 Nd6 5. Bb3 Nc6 6. Nb5 g6 7. Qf3 f5 8.
Qd5 Qe7 9. Nxc7+ Kd8 10. Nxa8 b6 11. d3 Bb7 12. Nxb6 axb6 13. Qf3 Na5 14.
Qe3 Nc8 15. Nf3 d6 16. Ba4 Bg7 17. Bd2 Nc6 18. Qg5 h6 19. Qxg6 Qf6 20. Qxf6+
Bxf6 21. Rg1 N8e7 22. O-O-O Rg8 23. Bxh6 Na5 24. Be3 Kc7 25. b4 Nac6 26. Bb3
f4 27. Bxg8 {Black resigns} 1-0

[Event "GambitGuide"]
[Site "Internet Chess Club"]
[Date "2014.10.31"]
[Round "1"]
[White "JSBach"]
[Black "robbe"]
[Result "1-0"]
[ICCResult "Black resigns"]
[WhiteElo "1656"]
[BlackElo "1327"]
[Opening "Vienna: `Frankenstein-Dracula' variation"]
[ECO "C27"]
[NIC "VG.02"]
[Time "10:39:11"]
[TimeControl "120+12"]

1. e4 e5 2. Nc3 Nf6 3. Bc4 Nxe4 4. Qh5 Nd6 5. Bb3 Nc6 6. Nb5 g6 7. Qf3 f5 8.
Qd5 Qe7 9. Nxc7+ Kd8 10. Nxa8 b6 11. d3 Bb7 12. Nxb6 axb6 13. Qf3 Nd4 14.
Qh3 g5 15. Be3 g4 16. Qh5 Bxg2 17. Bg5 {Black resigns} 1-0

[Event "GambitGuide"]
[Site "Internet Chess Club"]
[Date "2014.10.31"]
[Round "1"]
[White "JSBach"]
[Black "fearlessone"]
[Result "1/2-1/2"]
[ICCResult "Game drawn by repetition"]
[WhiteElo "1656"]
[BlackElo "1812"]
[Opening "Vienna: `Frankenstein-Dracula' variation"]
[ECO "C27"]
[NIC "VG.02"]
[Time "10:38:49"]
[TimeControl "120+12"]

1. e4 e5 2. Nc3 Nf6 3. Bc4 Nxe4 4. Qh5 Nd6 5. Bb3 Nc6 6. Nb5 g6 7. Qf3 f5 8.
Qd5 Qe7 9. Nxc7+ Kd8 10. Nxa8 b6 11. d3 Bb7 12. Nxb6 axb6 13. Qf3 Bg7 14.
Be3 f4 15. Bxb6+ Kc8 16. Qd5 e4 17. dxe4 Nxe4 18. O-O-O Bh6 19. Nf3 Nb4 20.
Qf7 Qxf7 21. Bxf7 Rf8 22. Bb3 Rf6 23. Ba5 Nc6 24. Bb6 Nb4 25. Ba5 Nc6 26.
Bb6 Nb4 27. Ba5 Nc6 28. Bb6 Nb4 29. Ba5 Nc6 30. Bb6 {Game drawn by
repetition} 1/2-1/2

[Event "GambitGuide"]
[Site "Internet Chess Club"]
[Date "2014.10.31"]
[Round "1"]
[White "JSBach"]
[Black "FatMaHa"]
[Result "1-0"]
[ICCResult "Black resigns"]
[WhiteElo "1656"]
[BlackElo "1833"]
[Opening "Vienna: `Frankenstein-Dracula' variation"]
[ECO "C27"]
[NIC "VG.02"]
[Time "10:40:31"]
[TimeControl "120+12"]

1. e4 e5 2. Nc3 Nf6 3. Bc4 Nxe4 4. Qh5 Nd6 5. Bb3 Nc6 6. Nb5 g6 7. Qf3 f5 8.
Qd5 Qe7 9. Nxc7+ Kd8 10. Nxa8 b6 11. d3 Bb7 12. Nxb6 axb6 13. Qf3 e4 14. Qe3
exd3 15. cxd3 Qxe3+ 16. Bxe3 Nc8 17. Bf7 Bb4+ 18. Kf1 Rf8 19. Bd5 Na5 20.
Bxb7 Nxb7 21. Ke2 Re8 22. a3 Bc5 23. Kd2 Bxe3+ 24. fxe3 d5 25. Rc1 Ncd6 26.
Nf3 h6 27. Rc6 b5 28. Rhc1 g5 29. g3 f4 30. exf4 gxf4 31. gxf4 Nf5 32. Rc8+
Kd7 33. R1c7+ Kd6 34. Rc6+ Ke7 35. R8c7+ Kd8 36. Rxb7 Re3 37. Nh4
{Black resigns}
1-0